 Dungeon Crawl Stone Soup version 0.18.1-48-g4cf74bf (webtiles) character file.

382 Inkary the Skirmisher (level 6, -3/56 HPs)
             Began as a Ghoul Fighter on July 27, 2016.
             Slain by an ogre
             ... wielding a +0 giant spiked club
              (16 damage)
             ... on level 4 of the Dungeon.
             The game lasted 00:08:42 (3026 turns).

Inkary the Skirmisher (Ghoul Fighter)               Turns: 3026, Time: 00:08:43

Health: -3/56      AC: 10    Str: 22    XL:     6   Next: 76%
Magic:  5/5        EV:  9    Int:  3    God:
Gold:   212        SH:  0    Dex:  8    Spells: 0 memorised, 5 levels left

rFire  . . .     SeeInvis .       - Unarmed
rCold  + . .     Gourm    .     a - +0 scale mail
rNeg   + + +     Faith    .     (no shield)
rPois  ∞         Spirit   .     (no helmet)
rElec  .         Dismiss  .     (no cloak)
rCorr  .         Reflect  .     (no gloves)
SustAt .         Harm     .     e - +2 pair of boots
MR     .....                    (no amulet)
Stlth  ..........               (no ring)
                                (no ring)

@: rotting, not resistant to hostile enchantments, extremely unstealthy
A: rotting body, claws 1, carnivore 3, cold resistance 1, negative energy
resistance 3, slow regeneration 1, torment resistance, unbreathing
a: no special abilities


You were on level 4 of the Dungeon.
You were not hungry.

You visited 1 branch of the dungeon, and saw 4 of its levels.

You collected 212 gold pieces.

Inventory:

Armour
 a - a +0 scale mail (worn)
 e - a +2 pair of boots (worn)
 l - a +0 buckler
Wands
 m - a wand of digging (10/24)
Scrolls
 g - 3 scrolls of identify {unknown}
 h - 2 scrolls of teleportation {unknown}
 i - 2 scrolls of fog {unknown}
 j - a scroll of remove curse {unknown}
Potions
 c - 3 potions of might
 f - a potion of mutation {unknown}
 k - 3 potions of brilliance {unknown}
 n - a potion of cure mutation {unknown}
Comestibles
 b - 13 chunks of flesh
 d - a meat ration


   Skills:
 + Level 5.2 Fighting
 + Level 4.4 Armour
 - Level 2.6 Shields
 + Level 4.7 Unarmed Combat


You had 5 spell levels left.
You didn't know any spells.

Dungeon Overview and Level Annotations

Branches:
Dungeon (4/15)
 Temple: D:4-7

Altars:

Annotations:
D:4 Natasha


Innate Abilities, Weirdness & Mutations

Your body is rotting away.
You thrive on raw meat.
You are immune to poison.
You have sharp fingernails.
You are carnivorous and can eat meat at any time.
Your flesh is cold resistant.
You are immune to negative energy.
You regenerate slowly when monsters are visible.
You are immune to unholy pain and torment.
You can survive without breathing.


Message History

You scratch the ogre.
The ogre is severely wounded.
Natasha mumbles some strange words.
You completely miss the ogre.
The ogre is severely wounded.
The ogre hits you with a giant spiked club!!
* * * LOW HITPOINT WARNING * * *
Eat one of 15 chunks of flesh? (ye/n/q/i?) This raw flesh tastes great!
The ogre barely misses you.
Natasha mumbles some strange words.
You continue eating. x2
The ogre hits you with a giant spiked club!
* * * LOW HITPOINT WARNING * * *
Natasha wildly gestures.
You feel troubled.
Eat one of 14 chunks of flesh? (ye/n/q/i?) This raw flesh tastes great!
The ogre barely misses you.
You continue eating. x2
The ogre hits you with a giant spiked club!
You die...

### # .. ..#. ..
#... #.##
#..##... #..#..#
#.#.#?# #.
#h5..# ..
#O#.#%#.#
#@#..#..# #
#.##...# .#
.#####..##.##..#
#..............#
#########...####
#.........#
#.###÷.##.# #.#
#..##.#
#.###..##.#


You could see an ogre, Natasha and a white imp.

Vanquished Creatures
  Duvessa (D:4)
  Dowan (D:4)
  An orc priest (D:3)
  2 worker ants (D:4)
  7 adders
  2 oozes (D:2)
  3 worms
  4 dart slugs
  2 giant geckos (D:1)
  3 orcs (D:3)
  13 bats
  A giant cockroach (D:1)
  6 goblins
  10 hobgoblins
  15 jackals
  A quokka (D:4)
  5 ball pythons
  6 giant newts
  7 kobolds
  8 rats
98 creatures vanquished.

Notes
Turn   | Place    | Note
--------------------------------------------------------------
     0 | D:1      | Inkary the Ghoul Fighter began the quest for the Orb.
     0 | D:1      | Reached XP level 1. HP: 19/19 MP: 0/0
   141 | D:1      | Reached XP level 2. HP: 26/26 MP: 1/1
   338 | D:1      | Reached XP level 3. HP: 22/31 MP: 2/2
   948 | D:2      | Reached XP level 4. HP: 29/40 MP: 3/3
   952 | D:2      | Reached skill level 4 in Fighting
  2050 | D:2      | Reached XP level 5. HP: 46/46 MP: 4/4
  2813 | D:4      | Noticed Dowan
  2815 | D:4      | Noticed Duvessa
  2826 | D:4      | Killed Duvessa
  2826 | D:4      | Reached XP level 6. HP: 51/55 MP: 5/5
  2830 | D:4      | Killed Dowan
  2830 | D:4      | Reached skill level 5 in Fighting
  3012 | D:4      | Noticed Natasha
  3026 | D:4      | Slain by an ogre

Skill      XL: |  1  2  3  4  5  6 |
---------------+-------------------+-----
Armour         | 3 4 |  4.4
Unarmed Combat | 3 4 |  4.7
Fighting       | 4 5 |  5.2
Shields        | |  2.6

Action                   |  1- 3 |  4- 6 || total
-------------------------+-------+-------++-------
Melee: Unarmed           |   129 |   268 ||   397
       Punch             |       |     2 ||     2
  Eat: Chunk             |     6 |    11 ||    17
Armor: Scale mail        |    81 |   138 ||   219
Dodge: Dodged            |    62 |   142 ||   204
